 Dungeon Crawl Stone Soup version 0.29-a0-321-gf1c400731a (webtiles) character file.

Game seed: 13757966208259169776

301 Murumi the Ducker (level 6, 0/42 HPs)
             Began as a Djinni Monk on Apr 5, 2022.
             Slain by Eustachio
             ... wielding a +0 falchion
              (2 damage)
             ... on level 4 of the Dungeon.
             The game lasted 00:12:00 (3785 turns).

Murumi the Ducker (Djinni Monk)                     Turns: 3785, Time: 00:12:01

Health: 0/42       AC:  5    Str: 10    XL:     6   Next: 64%
Gold:   181        EV: 13    Int: 11    God:
                   SH:  0    Dex: 18

rFire   + + .      SeeInvis .   a - +0 falchion
rCold   + + .      Faith    .   (no shield)
rNeg    . . .      Spirit   .   h - +0 leather armour
rPois   ∞          Reflect  .   g - +0 helmet
rElec   .          Harm     .   p - scarf {rC+ rF+}
rCorr   .          Rampage  .   b - +0 pair of gloves
Will    .....                   (boots unavailable)
Stlth   ++........              (no amulet)
HPRegen 0.14/turn               e - ring of protection from cold
MPRegen 0.00/turn               i - ring of ice

@: flying
A: sickness immunity, fire resistance 2, cold vulnerability 1, float, innate
caster, HP casting, extra vitality 1, frail 1, wild magic 1
a: no special abilities


You were on level 4 of the Dungeon.
You visited 1 branch of the dungeon, and saw 4 of its levels.
You also visited: Sewer.

You collected 259 gold pieces.
You spent 78 gold pieces at shops.

Inventory:

Hand Weapons
 a - a +0 falchion (weapon)
 f - a +1 hunting sling
Missiles
 d - a throwing net
Armour
 b - a +0 pair of gloves (worn)
 g - a +0 helmet (worn)
 h - a +0 leather armour (worn)
 p - a scarf of resistance (worn)
Jewellery
 e - a ring of protection from cold (left hand)
 i - a ring of ice (right hand)
Wands
 k - a wand of iceblast (3)
Scrolls
 l - a scroll of teleportation
Potions
 c - a potion of ambrosia
 j - a potion of mutation
 m - 3 potions of curing
 n - a potion of haste {unknown}
 o - a potion of attraction {unknown}


   Skills:
 + Level 3.9 Fighting
 - Level 3.0 Long Blades
 - Level 2.0 Slings
 - Level 3.0 Armour
 - Level 4.0 Dodging
 - Level 3.0 Stealth


You had 2 spell levels left.
You knew the following spells:

 Your Spells              Type           Power      Damage    Failure   Level
a - Sandblast             Erth           0%         2d4       52%         1
b - Searing Ray           Conj           0%         2d4       65%         2
Your spell library was empty.

Dungeon Overview and Level Annotations

Branches:
Dungeon (4/15)              Sewer (visited)
 Temple: D:4-7

Altars:
Ru

Shops:
D:1 *

Annotations:
D:4 Eustachio


Innate Abilities, Weirdness & Mutations

You are immune to sickness and miasma.
You are immune to poison.
Your flesh is very heat resistant. (rF++)
You are vulnerable to cold. (rC-)
You float through the air rather than walking.
You learn spells naturally, not from books.
Your magical power is your life essence.
You have superior vitality. (+4 MHP)
You are frail. (-10% HP)
Your spells are a little harder to cast, but a little more powerful.


Message History

Press: ? - help, Q - select action, (/) - cycle Shift-Dir - straight line, f/p - goblin
Aim: a goblin, wielding a +0 hunting sling (heavily wounded, 55% to hit)
You shoot a sling bullet. The sling bullet hits the goblin!
You kill the goblin!
You are too injured to fight recklessly!
Aiming: Iceblast
Press: ? - help, Shift-Dir - straight line, f - Eustachio
Aim: Eustachio, wielding a +0 falchion, wearing a +0 leather armour and wearing an amulet of reflection The mass of ice explodes!
The iceblast engulfs Eustachio!
Eustachio is heavily wounded.
The iceblast engulfs the shadow imp!
The shadow imp partially resists.
The shadow imp is almost dead.
A shadow imp is nearby!
Fire: f) +1 hunting sling
Press: ? - help, Q - select action, (/) - cycle Shift-Dir - straight line, f - shadow imp
Aim: a shadow imp (almost dead, summoned, 58% to hit)
You shoot a sling bullet.
The sling bullet hits the shadow imp but does no damage.
The shadow imp is almost dead.
Aiming: Iceblast
Press: ? - help, Shift-Dir - straight line, f/p - shadow imp
Aim: a shadow imp (almost dead, summoned)
The mass of ice explodes!
The iceblast engulfs Eustachio!
Eustachio is severely wounded.
The iceblast engulfs the shadow imp.
The shadow imp partially resists.
You kill the shadow imp!
The shadow imp disappears in a puff of smoke!
a - a +0 falchion (weapon)
Eustachio blocks your attack.
Eustachio is severely wounded.
Eustachio hits you with a +0 falchion.
* * * LOW HITPOINT WARNING * * *
Eustachio blocks your attack.
Eustachio is severely wounded.
Eustachio hits you with a +0 falchion!
* * * LOW HITPOINT WARNING * * *
It was a potion of mutation.
You feel extremely strange.
You feel frail.
You feel less in control of your magic. Eustachio hits you with a +0 falchion.
You die...

.......)|###............###...
....##....##........[.........
. ##.................[.....
##.........#####....[..#
###......#### ##......#
..........# #.....##
########..# #..#..# ##@#
#.###.# #@# .## #.# ###


You could see Eustachio.

Vanquished Creatures
  Pargi (Sewer)
  Jessica (D:2)
  5 gnolls
  4 adders
  A river rat (D:3)
  4 worms
  7 orcs
  6 endoplasms
  4 giant cockroaches
  5 goblins
  5 hobgoblins
  2 jackals (D:1)
  6 kobolds
  3 quokkas
  3 ball pythons
  14 bats
  3 frilled lizards (D:2)
  7 rats
81 creatures vanquished.

Notes
Turn   | Place    | Note
-------+----------+-------------------------------------------
     0 | D:1      | Murumi the Djinni Monk began the quest for the Orb.
     0 | D:1      | Reached XP level 1. HP: 20/20 MP: 0/0
   177 | D:1      | Reached XP level 2. HP: 13/25 MP: 0/0
   487 | D:1      | Found Yleekh's General Store.
  1052 | D:2      | Reached XP level 3. HP: 28/30 MP: 0/0
  1052 | D:2      | Learned a level 1 spell: Sandblast
  1084 | D:2      | Reached skill level 4 in Dodging
  1094 | D:2      | Reached skill level 1 in Armour
  1427 | D:2      | Noticed Jessica
  1434 | D:2      | Killed Jessica
  1435 | D:2      | Reached XP level 4. HP: 26/35 MP: 0/0
  1853 | D:2      | Reached XP level 5. HP: 31/40 MP: 0/0
  1853 | D:2      | Learned a level 2 spell: Searing Ray
  2414 | D:3      | Found a sacrificial altar of Ru.
  2438 | D:3      | Found a glowing drain.
  2441 | Sewer    | Entered a sewer
  2474 | Sewer    | Noticed Pargi
  2499 | Sewer    | Killed Pargi
  2500 | Sewer    | Reached skill level 1 in Slings
  2500 | Sewer    | Reached XP level 6. HP: 29/46 MP: 0/0
  2855 | D:3      | Found a faded altar of an unknown god.
  3273 | D:1      | Bought a potion of curing for 39 gold pieces
  3273 | D:1      | Bought a scroll of teleportation for 39 gold pieces
  3538 | D:4      | Noticed Eustachio
  3711 | D:4      | Identified the +1 leather armour of the Lost Path {-Cast
                  | Harm rN+ Regen+}
  3784 | D:4      | HP: 2/47 [Eustachio/+0 falchion (9)]
  3785 | D:4      | Gained mutation: You are frail. (-10% HP) [potion of
                  | mutation]
  3785 | D:4      | Gained mutation: Your spells are a little harder to cast,
                  | but a little more powerful. [potion of mutation]
  3785 | D:4      | Slain by Eustachio

Illustrated notes

Levels and vault maps discovered:
D:1:      beargit_arrival_greenhouse, layout_loops_ring, serial_shops,
          nicolae_square_shop
D:2:      layout_loops_corners, minmay_domino_2, uniq_jessica
D:3:      layout_rooms, nicolae_ru_sacrificial_ziggurat, gup_sewer_entry_bowl,
          chequers_ecumenical_altar_island
D:4:      layout_layer_cave, corexii_hall_statues_x, uniq_eustachio

Skill      XL: |  1  2  3  4  5 |
---------------+----------------+-----
Long Blades    | 3 |  3.0
Stealth        | 2 3 |  3.0
Dodging        | 4 |  4.0
Armour         | 2 3 |  3.0
Slings         | 2 |  2.0
Fighting       | |  3.9

Action                   |  1- 3 |  4- 6 || total
-------------------------+-------+-------++-------
Melee: Falchion          |    79 |   102 ||   181
       Punch             |       |     1 ||     1
 Fire: Hunting sling     |       |    90 ||    90
Evoke: Wand              |       |     2 ||     2
  Use: Scroll            |     3 |     5 ||     8
       Potion            |       |     2 ||     2
 Stab: Sleeping          |     4 |     3 ||     7
Armor: Robe              |     9 |       ||     9
       Leather armour    |    17 |    32 ||    49
Dodge: Dodged            |    61 |    83 ||   144

Table legend: (Time is in decaauts)
 A = Elapsed time spent in this place.
 B = Non-inter-level travel time spent in this place.
 C = Inter-level travel time spent in this place.
 D = Time resting spent in this place.
 E = Time spent auto-exploring this place.
 F = Levels seen in this place.
 G = Mean time per level.
                   A        B        C        D        E       F      G
               +--------+--------+--------+--------+--------+-----+--------+
         Total |   3852 |   3362 |    490 |    299 |   2337 |   5 |  770.4 |
       Dungeon |   3567 |   3077 |    490 |    125 |   2298 |   4 |  891.8 |
         Sewer |    284 |    284 |      0 |    174 |     39 |   1 |  284.0 |
               +--------+--------+--------+--------+--------+-----+--------+

Top non-repeatable levels by time:
     D:2: 1497 daAuts
     D:1: 1083 daAuts
     D:3: 723 daAuts
   Sewer: 284 daAuts
     D:4: 262 daAuts
